Cogmind - Beta 15 @@@ ROGUE MODE // 2025.07.20 @ 12:43:08 // Winter2019/RPGLIKE Player: Luminiferous Result: Self-destructed Performance ------------- Evolutions (1) 500 Regions Visited (2) 400 Robots Destroyed (1) 5 Value Destroyed (7) 7 Prototype IDs (0) 0 Alien Tech Used (0) 0 Bonus (0) 0 TOTAL SCORE: 912 Bonus ------- None Cogmind --------- Core Integrity 372/600 Matter 203/300 Energy 100/100 System Corruption 0% Temperature Cool (0) Movement Core (50) Location -9/Materials Parts ------- > --- POWER (1) -------- (None) > --- PROPULSION (1) --- (None) > --- UTILITY (1) ------ (None) > --- WEAPON (1) ------- (None) > --- INVENTORY (0) ---- (None) Peak State ------------ None Favorites ----------- Power None Propulsion None Utility None Weapon None Build | -11 -10 -9 ------- Run | Yrd Mat Mat Slots Evolved . | . . . Power . | . . . Propulsion . | . . . Utility . | . . . Weapon . | . . . Parts Attached . | . . . Power . | . . . Engine . | . . . Core . | . . . Reactor . | . . . Propulsion . | . . . Treads . | . . . Leg . | . . . Wheel . | . . . Hover . | . . . Flight . | . . . Utility . | . . . Device . | . . . Storage . | . . . Processor . | . . . Hackware . | . . . Protection . | . . . Artifact . | . . . Weapon . | . . . Energy Gun . | . . . Energy Cannon . | . . . Ballistic Gun . | . . . Ballistic Cannon . | . . . Launcher . | . . . Special Weapon . | . . . Impact Weapon . | . . . Slashing Weapon . | . . . Piercing Weapon . | . . . Special Melee Weapon . | . . . Unidentified Prototypes . | . . . Parts Lost . | . . . Power . | . . . Propulsion . | . . . Utility . | . . . Weapon . | . . . Highest Loss Streak . | . . . To Critical Strikes . | . . . Average Backups . | . . . Power . | . . . Propulsion . | . . . Utility . | . . . Weapon . | . . . Tool/Special . | . . . Unused Backups . | . . . Power . | . . . Propulsion . | . . . Utility . | . . . Weapon . | . . . Tool/Special . | . . . Average Slot Usage (%) . | . . . Peak Build Rating . | . . . Average Rating . | . . . On Entrance . | . . . Naked Turns 106 | . 50 56 Heaviest Build . | . . . Greatest Support 3 | 3 3 3 Greatest Overweight (x) . | . . . Average Overweight (x) . | . . . Largest Inventory Capacity . | . . . Average Capacity . | . . . Most Carried . | . . . Average Carried . | . . . Final Capacity . | . . . Final Carried . | . . . Class Distribution -------------------- 100% | Hacker-Mutant Dominant Class ---------------- Hacker-Mutant | -10/Materials Hacker-Mutant | -9/Materials Resources | -11 -10 -9 ----------- Run | Yrd Mat Mat Matter Collected 92 | 92 . . Remotely . | . . . Salvage Created 13 | 13 . . Parts 2 | 2 . . Haulers Intercepted . | . . . Recyclers Shooed . | . . . Parts Field Recycled . | . . . Retrieved Matter . | . . . Parts Self-Destructed . | . . . Prevented . | . . . Kills | -11 -10 -9 ------- Run | Yrd Mat Mat Combat Hostiles Destroyed . | . . . Classes Destroyed 1 | 1 . . Tunneler 1 | 1 . . Best Kill Streak 1 | 1 . . Combat Bots Only . | . . . Max Kills in Single Turn 1 | 1 . . Gunslinging . | . . . Exploded . | . . . Melee . | . . . Uniques/NPCs Destroyed . | . . . Combat | -11 -10 -9 -------- Run | Yrd Mat Mat Hostile Shots Fired 25 | . 15 10 Missed 9 | . 6 3 Hits 16 | . 9 7 Projectile 16 | . 9 7 Damage Taken 228 | 8 109 111 Core 228 | 8 109 111 Absorbed by Shields . | . . . Core Remaining (%) 89 | 98 80 . Volleys Fired . | . . . Largest . | . . . Hottest . | . . . Shots Fired . | . . . Gun . | . . . Cannon . | . . . Launcher . | . . . Special . | . . . Kinetic . | . . . Thermal . | . . . Explosive . | . . . Electromagnetic . | . . . Robot Hit Streak . | . . . Robot Miss Streak . | . . . Penetration Max . | . . . Secondary Targets . | . . . Shots Hit Robots . | . . . Core Hits 1 | 1 . . Critical Kills . | . . . Critical Parts Destroyed . | . . . Critical Strikes . | . . . Melee Attacks . | . . . Impact . | . . . Slashing . | . . . Piercing . | . . . Sneak Attacks . | . . . Combat Hostiles . | . . . Follow-up Attacks . | . . . Damage Inflicted 30 | 16 . 14 Guns . | . . . Cannons . | . . . Explosions . | . . . Melee . | . . . Ramming 30 | 16 . 14 Kinetic . | . . . Thermal . | . . . Explosive . | . . . Electromagnetic . | . . . Impact . | . . . Slashing . | . . . Piercing . | . . . Highest Corruption . | . . . Average Corruption . | . . . Corruption Purged . | . . . Corruption Blocked . | . . . Overload Shots . | . . . Overflow Damage . | . . . Projectiles . | . . . Explosions . | . . . Melee . | . . . Knockbacks . | . . . Impact . | . . . Kinetic . | . . . Secondary . | . . . Self-Inflicted Damage 14 | 8 . 6 Shots . | . . . Rammed 4 | 1 . 3 Targets Rammed 4 | 1 . 3 Kicked . | . . . Crushed . | . . . Highest Temperature . | . . . Average Temperature . | . . . Received Heat Transfer 102 | . 60 42 Siege Activations . | . . . Martial Activations . | . . . Shielding Activations . | . . . Robots Disrupted . | . . . Combat Hostiles . | . . . Robots Corrupted . | . . . Combat Hostiles . | . . . Parts Fried . | . . . Impact Corruptions . | . . . Robots Melted . | . . . Combat Hostiles . | . . . Parts Melted . | . . . Heat Transferred . | . . . Parts Sabotaged . | . . . Parts Stolen . | . . . Parts Stripped . | . . . Power Chain Reactions . | . . . Alert | -11 -10 -9 ------- Run | Yrd Mat Mat Maximum Alert Level . | . . . Low Security (%) 100 | 100 100 100 Level 1 . | . . . Level 2 . | . . . Level 3 . | . . . Level 4 . | . . . Level 5 . | . . . High Security . | . . . Max Security . | . . . Peak Influence 11 | 5 11 8 Initial 3 | . 3 . Average 2 | 2 3 2 Influence Increases 21 | 5 8 8 Destroy 0b10 Robot/NC 5 | 5 . . Successful Hack 16 | . 8 8 Influence Decreases 21 | . 13 8 Entered New Map 2 | . 2 . Time Decay 19 | . 11 8 Squads Dispatched 4 | . 2 2 Investigation 3 | . 1 2 Extermination . | . . . Reinforcement 1 | . 1 . Assault . | . . . Garrison . | . . . Intercept . | . . . Searches Triggered . | . . . Construction Impeded . | . . . Haulers Reinforced . | . . . Active Scanning Responses . | . . . Cargo Convoy Interrupts . | . . . Stealth | -11 -10 -9 --------- Run | Yrd Mat Mat Distress Signals . | . . . Communications Jammed . | . . . Distress Signals . | . . . Times Spotted 15 | . 7 8 Peak Tracking Total 8 | . 4 8 Tactical Retreats . | . . . Traps | -11 -10 -9 ------- Run | Yrd Mat Mat Traps Triggered 1 | . 1 . Indirectly . | . . . Trap Hack Attempts . | . . . Triggered . | . . . Disarmed . | . . . Reprogrammed . | . . . Reused . | . . . Traps Extracted . | . . . Installed . | . . . Triggered . | . . . Machines | -11 -10 -9 ---------- Run | Yrd Mat Mat Machines Disabled . | . . . Max in Single Turn . | . . . Machines Repaired . | . . . Machines Dismantled . | . . . Machines Sabotaged . | . . . Overloaded Fab Kills . | . . . Hacking | -11 -10 -9 --------- Run | Yrd Mat Mat Machines Accessed 3 | . 1 2 Terminals 3 | . 1 2 Fabricators . | . . . Repair Stations . | . . . Recycling Units . | . . . Scanalyzers . | . . . Garrison Access . | . . . Total Hacks 13 | . 6 7 Successful 3 | . 2 1 Failed 10 | . 4 6 Catastrophic 2 | . . 2 Database Lockouts . | . . . Manual 11 | . 4 7 Terminals 13 | . 6 7 Fabricators . | . . . Repair Stations . | . . . Recycling Units . | . . . Scanalyzers . | . . . Garrison Access . | . . . Terminal Hacks 3 | . 2 1 Record 1 | . 1 . Garrison Index 2 | . 1 1 Fabricator Hacks . | . . . Repair Station Hacks . | . . . Recycling Unit Hacks . | . . . Scanalyzer . | . . . Garrison Access Hacks . | . . . Unauthorized Hacks . | . . . Terminals . | . . . Fabricators . | . . . Repair Stations . | . . . Recycling Units . | . . . Scanalyzers . | . . . Garrison Access . | . . . Data Cores Recovered . | . . . Used . | . . . Hacking Detections 3 | . 1 2 Full Trace Events 3 | . 1 2 Feedback Events . | . . . Feedback Blocked . | . . . Robot Schematics Acquired . | . . . Robots Built . | . . . Authchips . | . . . Time . | . . . Total Robot Build Rating . | . . . Part Schematics Acquired . | . . . Parts Built . | . . . Authchips . | . . . Time . | . . . Total Part Build Rating . | . . . Parts Repaired . | . . . Time . | . . . Parts Recycled . | . . . Recycled Matter . | . . . Retrieved Matter . | . . . Retrieved Components . | . . . Parts Scanalyzed . | . . . Part Schematics Acquired . | . . . Parts Damaged . | . . . Bothacking | -11 -10 -9 ------------ Run | Yrd Mat Mat Used RIF Installer . | . . . Robots Hacked . | . . . Non-combat . | . . . Combat . | . . . Robot Hacks Applied . | . . . Relay Couplers Released . | . . . Fabnet Peak Effective % . | . . . Robots Rewired . | . . . Allies Hacked . | . . . Hacks Repelled . | . . . Allies | -11 -10 -9 -------- Run | Yrd Mat Mat Total Allies . | . . . Largest Group . | . . . Highest-Rated Group . | . . . Highest-Rated Ally . | . . . Total Orders . | . . . Ally Attacks . | . . . Total Damage . | . . . Kills . | . . . Allies Corrupted . | . . . Allies Melted . | . . . Intel | -11 -10 -9 ------- Run | Yrd Mat Mat Active Infowar (turns) . | . . . Robot Analysis Total . | . . . Derelict Logs Recovered . | . . . Drone Launches . | . . . Drone Recoveries . | . . . Exploration | -11 -10 -9 ------------- Run | Yrd Mat Mat Turns Passed 115 | 9 50 56 Spaces Moved 213 | 17 98 98 Core 213 | 17 98 98 Treads . | . . . Legs . | . . . Wheels . | . . . Hover . | . . . Flight . | . . . Fastest Speed 50 | 50 50 50 Average Speed 50 | 50 50 50 Slowest Speed 50 | 50 50 50 Overloaded Moves . | . . . Propulsion Burnouts . | . . . Robots Hopped . | . . . Potential Cave-ins . | . . . Cave-ins Triggered . | . . . Exploration Rate (%) 15 | 3 22 21 Regions Visited 2 Branch Regions . Pre-discovered Areas . | . . . Known Exits Taken . | . . . Unknown Exits Taken 2 | 1 1 . Scrap Searched . | . . . Spaces Dug . | . . . Terrain Destroyed . | . . . Melee . | . . . Projectile . | . . . AOE . | . . . Terrain Rammed . | . . . Walls Destroyed . | . . . Machines Disabled . | . . . Actions | -11 -10 -9 --------- Run | Yrd Mat Mat Total 219 | 17 98 104 Wait 4 | . 1 3 Move 211 | 16 97 98 Hop . | . . . Pick Up . | . . . Fast Attach . | . . . Attach . | . . . Detach . | . . . Swap . | . . . Drop . | . . . Fire . | . . . Melee . | . . . Ram 4 | 1 . 3 Kick . | . . . Crush . | . . . Escape Stasis . | . . . Rewire . | . . . Trap . | . . . Miscellaneous . | . . . Route ------- -11/Scrapyard -10/Materials -9/Materials History --------- Turn | Location | Event 3 | -11/Scrapyard | Discovered new exit (range 15) 10 | -11/Scrapyard | Entered Materials 54 | -10/Materials | Discovered new exit (range 9) 60 | -10/Materials | Entered another Materials area 62 | -9/Materials | Reached level 2 116 | -9/Materials | Self-destructed Last Messages --------------- 00054_ EXIT=FOUND LOCATION=UNKNOWN GOAL=ESCAPE 00062_ Reached level 2. 00072_ Connecting with Terminal... 00072_ Current location identified: Materials 00072_ ALERT: Suspicious activity at Terminal M007. Dispatching Investigation squad. 00082_ Connecting with Terminal... >>Index(Garrisons) No garrison accesses found. 00084_ Connecting with Terminal... 00084_ ALERT: Suspicious activity at Terminal M004. Dispatching Investigation squad. 00087_ K-01 Serf collects debris. 00098_ Connecting with Repair Station... 00109_ Slammed into G-34 Mercenary. 00109_ Destabilizing: Core damaged (-30). 00110_ Slammed into G-34 Mercenary. 00116_ Connecting with Scanalyzer... Map ----- +----------------------------------------------------+ | ????????????????????????????????????????????? | | ????????????????????????????????????????????? | | ????????????????????????????????????????????? | | ????????????????????????????????????????????? | | ????????????????????????????????????????????? | | ????????????????????????????????????????????? | | ????????????????????????????????????????????? | | ????????????????????????????????????????????? | | ????????????????????????????????????????????? | | ????????????????????????????????????????????? | | ????????????????????????????????????????????? | | ????????????????????????????????????????????? | | ????????????????????????????????????????????? | | ????????????????????????????????????????????? | | ????????????????????????????????????????????? | | ????????????????????????????????????????????? | | ????????????????????????????????????????????? | | ????????????????????????????????????????????? | | ????????????????????????????????????????????? | | ????????????????????????????????????????????? | | ????????????????????????????????????????????? | | ????????????????##??????????????????????????? | | ????????????????# ########??????????????????? | | ????????????????# "" #??????????????????? | | ????????????????# ""S #????? ????????????? | | ????????????????#Y""@ ### #??????????? | | ????????????????# r g T #??????????? | | ????????????????#![ gg ### #??????????? | | ????????????????#[! """ #???????#??????????? | | ????????????????# """ #??????????????????? | | ????????????????# g""" #??????????????????? | | ????????????????# g u #??????????????????? | | ????????#############+####??????????????????? | | ?????#### #???????????????????? | | ?????#""" #???????????????????? | | ?????#"R #???????????????????? | | ?????#""" #???????????????????? | | ?????#### #???????????????????? | | ????????# #???????????????????? | | ????????# #???????????????????? | | ?######?# " " #???????????????????? | | ?# ?# """ """ #???????????????????? | | ?# # "" "" #???????????????????? | | ?# # """ """ #???????????????????? | | ?# [ + "" "" #???????????????????? | | ?# # """ """ #???????????????????? | | ?# # """ """ #???????????????????? | | ?######## """ """ #???????????????????? | | ???????# " " #???????????????????? | | ???????# #???????????????????? | +----------------------------------------------------+ Best States ------------- Heat Dissipation 25 Energy Generation 5 Energy Capacity 100 Matter Stores 197 Matter Capacity 300 Sight Range 16 Terrain Scan Density 10 Evasion (%) 50 Offensive Hacking 25 Item Schematics ----------------- None Robot Schematics ------------------ None Fabricated ------------ Nothing Repaired ---------- Nothing Alien Tech Used ----------------- None Achievements -------------- None Challenges ------------ None RPGLIKE | -11 -10 -9 --------- Run | Yrd Mat Mat Levels Raised 1 | . . 1 XP Earned 4580 | 3000 40 1540 XP Spent 3000 | . 3000 . Upgrades 5 | . 5 . Hack Attack % 5 | . 5 . Protomatter Created . | . . . Protomatter Decayed . | . . . Game ------ Seed MomentumDamperShearcannon Manual? 0 Play Time 00:04:16 Cumulative 122.7 hours Start 2025.07.20 @ 12:37:24 End 2025.07.20 @ 12:43:08 Sessions 1 Manual Loads 0 Difficulty Rogue Special Mode Winter2019/RPGLIKE Game No. 43 Rogue 41 Adventurer 2 Explorer 0 Win Type - Total 10 Types 1/1/2/1/1/1/1/1/1/0 Lore% 38 Gallery% 63 Achievement% 62 Wizard Run 0 Options --------- Layout 0 ASCII 0 Keyboard 0 Movement Arrows Keybinds 1 Fullscreen 2 Font 24/Smallcaps Map View 76x50 Zoom Use 0% Tactical HUD 1 Map Filters NONE Filters NONE Steam 1 RUN: c077ee50-8a66-40c5-b20a-d8ce8f4d0a73